 Dungeon Crawl Stone Soup version 0.25.1-2-g60ff931df9 (webtiles) character file.

Game seed: 11825996718719974513

22 Doot the Insei (level 2, 0/21 HPs)
             Began as a Demonspawn Transmuter on Sept 21, 2020.
             Slain by a leopard gecko (1 damage)
             ... on level 2 of the Dungeon.
             The game lasted 00:02:15 (1597 turns).

Doot the Insei (Demonspawn Transmuter)              Turns: 1597, Time: 00:02:16

Health: 0/21       AC:  2    Str: 10    XL:     2   Next: 68%
Magic:  0/5        EV: 12    Int: 14    God:
Gold:   80         SH:  0    Dex: 13    Spells: 4/5 levels left

rFire    . . .     SeeInvis .     - Unarmed
rCold    . . .     Gourm    .   (no shield)
rNeg     . . .     Faith    .   b - +0 robe
rPois    .         Spirit   +   (no helmet)
rElec    .         Reflect  .   (no cloak)
rCorr    .         Harm     .   (no gloves)
MR       .....                  (no boots)
Stlth    +.........             (no amulet)
HPRegen  0.07/turn              (no ring)
MPRegen  0.09/turn              (no ring)

@: no status effects
A: magic shield
a: no special abilities


You were on level 2 of the Dungeon.
You were not hungry.

You visited 1 branch of the dungeon, and saw 2 of its levels.

You collected 80 gold pieces.

Inventory:

Missiles
 a - 12 arrows
Armour
 b - a +0 robe (worn)
Jewellery
 l - an uncursed ring of protection from magic {unknown}
Scrolls
 e - 3 scrolls of fog {unknown}
 f - a scroll of amnesia {unknown}
 h - a scroll of enchant weapon {unknown}
 i - a scroll of noise {unknown}
 k - 2 scrolls of teleportation {unknown}
 p - a scroll of fear {unknown}
Potions
 c - 2 potions of flight {unknown}
 g - a potion of curing {unknown}
 j - 2 potions of heal wounds {unknown}
 m - a potion of might {unknown}
 o - 2 potions of brilliance {unknown}
Comestibles
 d - a ration
 n - a chunk of flesh


   Skills:
 + Level 1.0 Fighting
 + Level 1.7 Dodging
 * Level 3.2 Unarmed Combat
 + Level 2.4 Spellcasting
 + Level 1.9 Transmutations


You had 4 spell levels left.
You knew the following spells:

 Your Spells              Type           Power        Failure   Level  Hunger
a - Beastly Appendage     Tmut           #.....       11%         1    #......

Your spell library contained the following spells:

 Spells                   Type           Power        Failure   Level  Hunger
 Sticks to Snakes         Tmut           #.......     16%         2    ###....
 Spider Form              Tmut/Pois      #.........   43%         3    ###....
 Ice Form                 Ice/Tmut       #.......     83%         4    #####..
 Blade Hands              Tmut           #.........   96%         5    ######.


Dungeon Overview and Level Annotations

Branches:
Dungeon (2/15)

Altars:


Innate Abilities, Weirdness & Mutations

When hurt, damage is shared between your health and your magic reserves.


Message History

The leopard gecko closely misses you. The quokka closely misses you.
You miss the quokka. Your punch misses the quokka.
The leopard gecko misses you. The quokka bites you.
The leopard gecko closely misses you.
You closely miss the leopard gecko. The quokka bites you.
The leopard gecko bites you.
You hit the quokka.
The quokka is moderately wounded.
The quokka closely misses you. The leopard gecko bites you.
* * * LOW HITPOINT WARNING * * *
The quokka bites you but does no damage.
The giant cockroach closely misses you. The leopard gecko bites you.
* * * LOW HITPOINT WARNING * * *
The giant cockroach bites you.
* * * LOW HITPOINT WARNING * * *
Your horns disappear.
The leopard gecko hisses menacingly.
You miss the leopard gecko. The leopard gecko bites you.
You die...

..... ....##....#.......##'###
.....####...#.....#............#
.........(..#.....#............#
..............................)#
.....#......#.........#........#
....................#.###......#
(.............##.#..#.# #......#
..##..#....##s##......# #......#
.............l@....#.# #......#
................###.#.# ###
#...............# #.#.#######
................# #......(..#
......###.......# ###.#####.#
...............# #.# #.#
####.###.......# #.# #รท##+#
.###.......# #.# #.#...
...........#####.#####.#...


You could see a leopard gecko and a giant cockroach.

Vanquished Creatures
  An ooze (D:1)
  A dart slug (D:1)
  A leopard gecko (D:2)
  3 bats
  2 giant cockroaches (D:2)
  A frilled lizard (D:2)
  3 goblins
  A kobold (D:2)
  3 rats (D:1)
16 creatures vanquished.

Notes
Turn   | Place    | Note
-------+----------+-------------------------------------------
     0 | D:1      | Doot the Demonspawn Transmuter began the quest for the Orb.
     0 | D:1      | Reached XP level 1. HP: 15/15 MP: 3/3
   191 | D:1      | Reached skill level 3 in Unarmed Combat
   660 | D:1      | Gained mutation: When hurt, damage is shared between your
                  | health and your magic reserves. [demonic ancestry]
   660 | D:1      | Reached XP level 2. HP: 21/21 MP: 1/5
  1593 | D:2      | HP: 1/21 [giant cockroach (1)]
  1597 | D:2      | Slain by a leopard gecko

Illustrated notes

Levels and vault maps discovered:
D:1:      dpeg_arrival_tiny_g, layout_basic
D:2:      lemuel_upstairs_altar, layout_basic, first_ration, feat_on_display

Skill      XL: |  1 |
---------------+----+-----
Unarmed Combat | 3 |  3.2
Fighting       | |  1.0
Dodging        | |  1.7
Spellcasting   | |  2.4
Transmutations | |  1.9

Action                   || total
-------------------------++-------
Melee: Unarmed           ||    51
       Kick              ||     2
       Headbutt          ||     3
       Punch             ||     3
 Cast: Beastly Appendage ||    13
  Eat: Chunk             ||     2
Armor: Robe              ||    14
Dodge: Dodged            ||    33
